 Dungeon Crawl Stone Soup version 0.23.2-40-g277498a (webtiles) character file.

Game seed: 15706750104889826319

4004 Charmandara the Cleaver (level 10, -1/76 HPs)
             Began as a Vine Stalker Berserker on Sept 1, 2019.
             Was an Elder of Trog.
             Slain by a troll (9 damage)
             ... on level 1 of the Orcish Mines.
             The game lasted 00:34:11 (2252 turns).

Charmandara the Cleaver (Vine Stalker Berserker)    Turns: 2252, Time: 00:34:12

Health: -1/76      AC: 11    Str: 28    XL:     10   Next: 23%
Magic:  0/11       EV:  9    Int:  7    God:    Trog [****..]
Gold:   276        SH:  0    Dex: 18    Spells: 9/9 levels left

rFire    . . .     SeeInvis .   g - +2 battleaxe (curse)
rCold    . . .     Gourm    .   (shield currently unavailable)
rNeg     + . .     Faith    .   o - +0 plate armour
rPois    .         Spirit   +   (no helmet)
rElec    .         Reflect  .   (no cloak)
rCorr    .         Harm     .   (no gloves)
MR       +....                  (no boots)
Stlth    ..........             q - amulet of magic regeneration
HPRegen  0.62/turn              p - ring of positive energy
MPRegen  0.37/turn              u - +4 ring of dexterity

@: berserking, very quick
A: fangs 3, regeneration 1, magic shield, antimagic bite, no potion heal 3, rot
immunity
a: Berserk, Trog's Hand, Brothers in Arms, Renounce Religion


You were on level 1 of the Orcish Mines.
You worshipped Trog.
Trog was greatly pleased with you.
You were very hungry.

You visited 2 branches of the dungeon, and saw 10 of its levels.
You also visited: Bailey.

You collected 331 gold pieces.
You spent 55 gold pieces at shops.

Inventory:

Hand Weapons
 a - a +0 hand axe
 e - a +0 hand axe
 g - a cursed +2 battleaxe (weapon)
Missiles
 m - 2 javelins (quivered)
Armour
 b - a +0 animal skin
 h - a +0 leather armour
 o - a +0 plate armour (worn)
Jewellery
 j - an uncursed amulet of the gourmand
 k - an uncursed amulet of the acrobat
 p - a ring of positive energy (left hand)
 q - an amulet of magic regeneration (around neck)
 u - a +4 ring of dexterity (right hand)
Wands
 f - a wand of clouds (5)
 v - a wand of flame (20)
Scrolls
 d - 3 scrolls of remove curse
 i - 4 scrolls of identify
 n - a scroll of teleportation
 s - 3 scrolls of magic mapping {unknown}
Potions
 r - a potion of haste
 t - 3 potions of curing
Comestibles
 c - 7 rations
 l - 4 chunks of flesh


   Skills:
 - Level 4.8 Fighting
 * Level 11.7 Axes
 + Level 3.4 Armour
 - Level 3.7 Dodging
 - Level 1.0 Stealth


You had 9 spell levels left.
You didn't know any spells.
Your spell library contained the following spells:

 Spells                   Type           Power        Failure   Level  Hunger
 Freeze                   Ice            #...         99%         1    ##.....
 Throw Frost              Conj/Ice       #.....       100%        2    ###....
 Ozocubu's Armour         Chrm/Ice       #.......     100%        3    ####...
 Summon Ice Beast         Ice/Summ       #.......     100%        4    #####..
 Throw Icicle             Conj/Ice       #.......     100%        4    #####..


Dungeon Overview and Level Annotations

Branches:
Dungeon (9/15)                Orc (1/2) D:9
 Temple: D:4-7         Lair: D:8-11

Altars:
Makhleb

Shops:
D:6 ?

Annotations:
D:9 1 transporter


Innate Abilities, Weirdness & Mutations

You have razor-sharp teeth.
Your natural rate of healing is unusually fast.
When hurt, damage is shared between your health and your magic reserves.
Your bite disrupts and absorbs the magic of your enemies.
Potions cannot restore your health.
You are immune to rotting.


Message History

You kill the orc!
Trog accepts your kill.
You barely miss the orc. You slash the orc warrior! You slash the orc!
You kill the orc!
Trog accepts your kill. The troll bites you!
The troll claws you but does no damage. The troll claws you.
The orc warrior hits you with a +0 flail!
The orc barely misses you.
You barely miss the orc warrior. Your bite misses the orc warrior.
The orc warrior is heavily wounded.
You slash the orc!
You kill the orc!
Trog accepts your kill.
You hit the troll. The troll bites you!
* * * LOW HITPOINT WARNING * * *
The troll claws you.
* * * LOW HITPOINT WARNING * * *
The troll claws you!
You die...

##.........#.#
.#............#
....#.........#
..............#
.#............#
..............#
......$[).....#
......o@>..#
......)[T.....#
..............#
............#.#
...........## #
.....#......
.#.....#...##
##.... ...#


You could see a troll and an orc warrior.

Vanquished Creatures
  An orc knight (Bailey)
  A hungry ghost (D:9)
  A warg (Orc:1)
  A water moccasin (D:7)
  7 orc warriors
  A sky beast (D:9)
  A phantom (D:9)
  2 necrophages (D:9)
  3 ogres
  3 centaurs
  A crocodile (D:9)
  4 big kobolds
  3 bullfrogs
  A water moccasin zombie (D:9)
  2 scorpions
  4 wights
  2 crimson imps
  2 hounds
  A jelly (D:5)
  4 orc priests
  2 iguanas (D:9)
  4 worker ants
  6 orc wizards
  A hound zombie (D:8)
  10 gnolls
  A howler monkey skeleton (D:7)
  2 adders (D:8)
  A shadow imp (D:6)
  2 adder zombies
  3 leopard geckos
  45 orcs
  A giant cockroach (D:7)
  11 goblins
  2 hobgoblins (Bailey)
  3 jackals (D:7)
  2 quokkas
  2 bats (D:2)
  A frilled lizard (D:2)
  28 kobolds
  A quokka skeleton (D:5)
173 creatures vanquished.

Notes
Turn   | Place    | Note
-------+----------+-------------------------------------------
     0 | D:1      | Charmandara the Vine Stalker Berserker began the quest for
                  | the Orb.
     0 | D:1      | Reached XP level 1. HP: 11/11 MP: 2/2
   220 | D:3      | Reached XP level 2. HP: 8/16 MP: 3/3
   236 | D:3      | Reached skill level 3 in Axes
   378 | D:4      | Reached XP level 3. HP: 2/20 MP: 4/4
   443 | D:5      | Entered Level 5 of the Dungeon
   478 | D:5      | Noticed an ogre
   483 | D:5      | Killed an ogre
   483 | D:5      | Gained mutation: Your natural rate of healing is unusually
                  | fast. [Vine Stalker growth]
   483 | D:5      | Reached XP level 4. HP: 14/25 MP: 3/5
   483 | D:5      | Reached XP level 5. HP: 16/28 MP: 3/6
   487 | D:5      | Reached skill level 4 in Axes
   555 | D:6      | Noticed a centaur
   622 | D:6      | Killed a centaur
   622 | D:6      | Reached XP level 6. HP: 33/33 MP: 7/7
   631 | D:6      | Reached ** piety under Trog
   751 | D:6      | Reached skill level 5 in Axes
   751 | D:6      | Reached XP level 7. HP: 37/37 MP: 8/8
   767 | D:6      | Found Voawun's Magic Scroll Boutique.
   772 | D:6      | Bought a scroll of identify for 22 gold pieces
   772 | D:6      | Bought a scroll of teleportation for 33 gold pieces
   954 | D:6      | Reached skill level 6 in Axes
   968 | D:6      | Gained mutation: You have razor-sharp teeth. [Vine Stalker
                  | growth]
   968 | D:6      | Reached XP level 8. HP: 20/42 MP: 6/9
  1001 | D:7      | Reached skill level 1 in Stealth
  1041 | D:7      | Found a burning altar of Makhleb.
  1064 | D:7      | Found a flagged portal.
  1092 | Bailey   | Entered a bailey
  1167 | Bailey   | Noticed an orc knight
  1175 | Bailey   | Killed an orc knight
  1175 | Bailey   | Reached skill level 8 in Axes
  1236 | Bailey   | Reached XP level 9. HP: 44/46 MP: 10/10
  1246 | Bailey   | Reached skill level 9 in Axes
  1247 | Bailey   | Reached *** piety under Trog
  1724 | D:9      | Reached skill level 10 in Axes
  1986 | D:9      | Reached **** piety under Trog
  1989 | D:9      | Reached skill level 11 in Axes
  1990 | D:9      | Reached XP level 10. HP: 51/51 MP: 11/11
  2080 | D:9      | Found a transporter.
  2105 | D:9      | Found a staircase to the Orcish Mines.
  2125 | Orc:1    | Entered Level 1 of the Orcish Mines
  2252 | Orc:1    | Slain by a troll

Skill      XL: |  1  2  3  4  5  6  7  8  9 |
---------------+----------------------------+-----
Axes           | 3 4 5 6 8 11 | 11.7
Fighting       | 3 4 |  4.8
Dodging        | 2 3 |  3.7
Armour         | 2 3 |  3.4
Stealth        | 1 |  1.0

Action                   |  1- 3 |  4- 6 |  7- 9 | 10-12 || total
-------------------------+-------+-------+-------+-------++-------
Melee: Hand axe          |    37 |    42 |    23 |       ||   102
       Bite              |     8 |    15 |    60 |    13 ||    96
       Battleaxe         |       |       |   179 |    34 ||   213
Invok: Berserk           |     3 |     2 |     8 |     2 ||    15
       Trog's Hand       |       |     1 |     4 |       ||     5
Evoke: Wand              |       |       |       |     3 ||     3
  Use: Scroll            |       |       |     6 |       ||     6
       Potion            |       |       |     2 |       ||     2
 Stab: Invisible         |       |       |     2 |       ||     2
  Eat: Chunk             |     3 |       |    14 |     2 ||    19
       Ration            |       |     1 |       |       ||     1
Armor: Animal skin       |     8 |       |       |       ||     8
       Leather armour    |       |     4 |    21 |       ||    25
       Plate armour      |       |       |    64 |    21 ||    85
Dodge: Dodged            |    20 |    19 |   245 |    25 ||   309
